AoeStats
← avianspyder

Arena

509750141Analyzed
1v1 RM · 5d ago on Sep 27, 2026· 51m 53s· 2 players
Game mode
Random Map
Map size
Tiny (2 player)
Population
200
Speed
Normal
Resources
Standard
Victory
Conquest
Starting age
Dark Age
Ending age
Imperial Age
RankedLock teamsTeams togetherTeam positionsShared explorationLock speedFull tech treeHidden civsTurbo modeCheats
Victory
Defeat
🇺🇸 Huns · United States
771
+14
🇲🇽 Poles · Mexico
738
-14
lamakele
0:34 Loom
10:20 Feudal Age
12:02 Double-Bit Axe
13:39 Wheelbarrow
14:18 Gold Mining
20:18 Castle Age
20:03 Man-at-Arms
20:13 Man-at-Arms
21:18 Bow Saw
23:02 Forging
25:52 Pikeman
27:11 Sanctity
29:46 Hand Cart
31:00 Scale Mail Armor
36:43 Imperial Age
35:19 Murder Holes
36:28 Scale Mail Armor
37:05 Iron Casting
38:25 Block Printing
39:54 Chemistry
39:15 Ballistics
39:39 Elite Obuch
41:49 Town Watch
44:00 Fletching
45:12 Blast Furnace
45:46 Fortified Wall
46:04 Chain Mail Armor
46:43 Town Patrol
avianspyder
9:06 Loom
15:24 Feudal Age
17:14 Horse Collar
17:21 Double-Bit Axe
17:33 Gold Mining
18:06 Scale Barding Armor
21:01 Castle Age
19:38 Wheelbarrow
21:14 Scale Mail Armor
21:24 Forging
22:40 Husbandry
22:51 Bloodlines
22:49 Heavy Plow
23:02 Bow Saw
23:35 Gold Shaft Mining
23:18 Chain Mail Armor
28:24 Hand Cart
31:26 Iron Casting
31:54 Chain Barding Armor
31:21 Pikeman
37:41 Imperial Age
37:44 Elite Tarkan
37:48 Cavalier
37:51 Halberdier
39:21 Plate Barding Armor
39:46 Blast Furnace
40:37 Paladin
46:41 Stone Mining
51:27 Two-Man Saw
Connection lost

Rejoining the realm…

Still unreachable

The connection could not be restored.

Session expired

The server has moved on; the page needs a fresh start.